 Dungeon Crawl Stone Soup version 0.29.1-2-gbd0b4ee654 (webtiles) character file.

Game seed: 9733629489609061020

86 Gabide the Ducker (level 4, -1/35 HPs)
             Began as a Human Monk on Nov 17, 2022.
             Slain by Ijyb
             ... wielding a +0 dagger
              (3 damage)
             ... on level 3 of the Dungeon.
             The game lasted 00:03:48 (1964 turns).

Gabide the Ducker (Human Monk)                      Turns: 1964, Time: 00:03:48

Health: -1/35      AC:  5    Str: 10 (12) XL:     4   Next: 77%
Magic:  4/4        EV: 11    Int:  8 (10) God:
Gold:   109        SH:  0    Dex: 15 (17) Spells: 3/3 levels left

rFire   . . .      SeeInvis .   a - +0 spear
rCold   . . .      Faith    .   (no shield)
rNeg    . . .      Spirit   .   h - +0 ring mail
rPois   .          Reflect  .   (no helmet)
rElec   .          Harm     .   (no cloak)
rCorr   .          Rampage  .   (no gloves)
Will    .....                   (no boots)
Stlth   +.........              (no amulet)
HPRegen 0.11/turn               (no ring)
MPRegen 0.09/turn               (no ring)

@: no status effects
A: no striking features
a: no special abilities


You were on level 3 of the Dungeon.
You visited 1 branch of the dungeon, and saw 3 of its levels.

You collected 109 gold pieces.

Inventory:

Hand Weapons
 a - a +0 spear (weapon)
Armour
 h - a +0 ring mail (worn)
 m - a +0 leather armour
Jewellery
 f - a ring of ice
 n - a ring of wizardry
Scrolls
 b - a scroll of fear {unknown}
 c - a scroll of fog {unknown}
 e - 2 scrolls of identify {unknown}
 g - a scroll of enchant weapon {unknown}
 j - a scroll of poison {unknown}
 k - a scroll of amnesia {unknown}


   Skills:
 + Level 3.5 Fighting
 + Level 3.4 Polearms
 * Level 2.3 Armour
 + Level 3.5 Dodging
 - Level 2.0 Stealth


You had 3 spell levels left.
You didn't know any spells.
Your spell library contained the following spells:

 Spells                   Type           Power      Damage    Failure   Level
 Beastly Appendage        Tmut           0%         N/A       73%         1
 Shock                    Conj/Air       0%         1d3       73%         1
 Wereblood                Tmut           0%         N/A       86%         2
 Ignite Poison            Fire/Tmut/Pois 0%         N/A       97%         3
 Mephitic Cloud           Conj/Pois/Air  0%         N/A       97%         3
 Spider Form              Tmut/Pois      0%         N/A       97%         3
 Stone Arrow              Conj/Erth      0%         3d7       97%         3
 Swiftness                Air            0%         N/A       97%         3
 Airstrike                Air            0%         2d(0-16)  100%        4
 Animate Armour           Summ/Erth      0%         N/A       100%        4
 Summon Lightning Spire   Summ/Air       0%         N/A       100%        4
 Freezing Cloud           Conj/Ice/Air   0%         6-21      100%        5
 Lightning Bolt           Conj/Air       0%         1d11      100%        5
 Lehudib's Crystal Spear  Conj/Erth      0%         10d2      100%        8


Dungeon Overview and Level Annotations

Branches:
Dungeon (3/15)

Altars:

Annotations:
D:3 Ijyb


Message History

Ijyb is heavily wounded.
Ijyb barely misses you.
You closely miss Ijyb.
Ijyb is heavily wounded.
You are starting to lose your buoyancy.
Ijyb hits you with a +0 dagger.
* * * LOW HITPOINT WARNING * * *
You hit Ijyb but do no damage.
Ijyb is heavily wounded.
Ijyb hits you but does no damage.
You barely miss Ijyb.
Ijyb is heavily wounded.
Ijyb hits you with a +0 dagger.
* * * LOW HITPOINT WARNING * * *
You hit Ijyb but do no damage.
Ijyb is heavily wounded.
Ijyb hits you but does no damage.
You hit Ijyb but do no damage.
Ijyb is heavily wounded.
Ijyb barely misses you.
You hit Ijyb but do no damage.
Ijyb is heavily wounded.
Ijyb closely misses you.
You completely miss Ijyb.
Ijyb is heavily wounded.
Ijyb hits you but does no damage.
You hit Ijyb.
Ijyb is heavily wounded.
You float gracefully downwards.
You hit Ijyb but do no damage.
Ijyb is heavily wounded.
Ijyb hits you with a +0 dagger.
* * * LOW HITPOINT WARNING * * *
You hit Ijyb.
Ijyb is severely wounded.
Ijyb closely misses you.
You closely miss Ijyb.
Ijyb is severely wounded.
Ijyb hits you with a +0 dagger.
You die...

#.... ..<...
#.....##..r...
.............
............
... .......
#>. .......
#.##.#..#
#)g.....#
#@†..##.#
######


You could see Ijyb.

Vanquished Creatures
  3 adders (D:2)
  2 worms (D:2)
  A dart slug (D:1)
  4 ball pythons
  4 bats (D:2)
  3 endoplasms
  A giant cockroach (D:2)
  5 goblins
  3 hobgoblins
  7 jackals (D:2)
  2 kobolds
  4 quokkas
  6 frilled lizards
  2 rats
47 creatures vanquished.

Notes
Turn   | Place    | Note
-------+----------+-------------------------------------------
     0 | D:1      | Gabide the Human Monk began the quest for the Orb.
     0 | D:1      | Reached XP level 1. HP: 18/18 MP: 1/1
   190 | D:1      | Reached XP level 2. HP: 23/24 MP: 2/2
   200 | D:1      | Reached skill level 1 in Armour
   201 | D:1      | Found a faded altar of an unknown god.
   737 | D:2      | Reached XP level 3. HP: 26/29 MP: 3/3
  1062 | D:2      | Reached XP level 4. HP: 20/35 MP: 4/4
  1769 | D:3      | Noticed Ijyb
  1964 | D:3      | Slain by Ijyb

Illustrated notes

Levels and vault maps discovered:
D:1:      matt_arrival_diagonals, layout_rooms,
          dreamdust_ecumenical_altar_angels_and_demons
D:2:      layout_rooms, minmay_misc_feat_pillars,
          nicolae_concentric_dashed_squares_wild, minmay_surrounded
D:3:      layout_basic, uniq_ijyb

Skill      XL: |  1  2  3 |
---------------+----------+-----
Armour         | 1 2 |  2.3
Fighting       | |  3.5
Polearms       | |  3.4
Dodging        | |  3.5
Stealth        | |  2.0

Action                   |  1- 3 |  4- 6 || total
-------------------------+-------+-------++-------
Melee: Spear             |   136 |   134 ||   270
       Punch             |     1 |     2 ||     3
  Use: Potion            |     2 |     4 ||     6
 Stab: Sleeping          |     5 |       ||     5
       Distracted        |     1 |       ||     1
Armor: Ring mail         |    34 |    51 ||    85
Dodge: Dodged            |    83 |    77 ||   160
